TOP OF THE 1ST |
New Orleans Looters batting - Pitching for Plymouth Rocks : RHP Lorenzo Aguilar
|
Pitching: RHP Lorenzo Aguilar
|
|
Batting: LHB Francisco Vega
|
0-0: Called Strike 0-1: Ball 1-1: SINGLE (Line Drive, 8LS)
|
Batting: RHB Stephen Shaw
|
0-0: Ball 1-0: Ball 2-0: Ball 3-0: Called Strike 3-1: Foul Ball, location: 2F 3-2: Grounds into double play, 6-4-3 (Groundball, 6)
|
Batting: LHB Taylor Smith
|
0-0: Ball 1-0: Ball 2-0: Ball 3-0: Base on Balls
|
Batting: RHB Francisco Ibarra
|
0-0: Foul Ball, location: 2F 0-1: Swinging Strike 0-2: Ball 1-2: Foul Ball, location: 2F 1-2: Ball 2-2: Ball 3-2: Base on Balls Taylor Smith to second
|
Batting: SHB Nate Rhodes
|
0-0: Ball 1-0: Ball 2-0: Foul Ball, location: 2F 2-1: Ball 3-1: Foul Ball, location: 2F 3-2: Strikes out swinging
|
Top of the 1st over - 0 run(s), 1 hit(s), 0 error(s), 2 left on base; New Orleans 0 - Plymouth 0 |
BOTTOM OF THE 1ST |
Plymouth Rocks batting - Pitching for New Orleans Looters : RHP Gennarino Lucchetti
|
Pitching: RHP Gennarino Lucchetti
|
|
Batting: RHB Luis Sánchez
|
0-0: Foul Ball, location: 2F 0-1: Foul Ball, location: 2F 0-2: Ball 1-2: Foul Ball, location: 2F 1-2: Ball 2-2: Ball 3-2: Fly out, F8 (Flyball, 89D)
|
Batting: RHB Andrés Lara
|
0-0: Fly out, F7 (Flyball, 7D)
|
Batting: LHB Frank Geddes
|
0-0: Called Strike 0-1: Ground out 5-3 (Groundball, 56S)
|
Bottom of the 1st over - 0 run(s), 0 hit(s), 0 error(s), 0 left on base; New Orleans 0 - Plymouth 0 |
TOP OF THE 2ND |
New Orleans Looters batting - Pitching for Plymouth Rocks : RHP Lorenzo Aguilar
|
Batting: RHB Rich Ruffin
|
0-0: SINGLE (Groundball, 56)
|
Batting: LHB Luis Sánchez
|
0-0: Called Strike 0-1: Called Strike 0-2: Foul Ball, location: 2F 0-2: Ball 1-2: Ball 2-2: Foul Ball, location: 2F 2-2: Strikes out swinging
|
Batting: RHB Dave O'Loan
|
0-0: Foul Ball, location: 2F 0-1: Swinging Strike 0-2: SINGLE (Line Drive, 78S) Rich Ruffin to second
|
Batting: RHB Ángel Castaneda
|
0-0: Called Strike 0-1: Foul Ball, location: 2F 0-2: Strikes out swinging
|
Batting: LHB Francisco Vega
|
0-0: Ball 1-0: Called Strike 1-1: Ground out 1-3 (Groundball, 13)
|
Top of the 2nd over - 0 run(s), 2 hit(s), 0 error(s), 2 left on base; New Orleans 0 - Plymouth 0 |
BOTTOM OF THE 2ND |
Plymouth Rocks batting - Pitching for New Orleans Looters : RHP Gennarino Lucchetti
|
Batting: LHB Sean Nicks
|
0-0: Foul Ball, location: 2F 0-1: Ball 1-1: Ground out 4-3 (Groundball, 4)
|
Batting: RHB Tadakuni Sugiyama
|
0-0: Ball 1-0: Foul Ball, location: 2F 1-1: Fly out, F9 (Line Drive, 9M)
|
Batting: RHB Max Jones
|
0-0: Ground out 3-1 (Groundball, 34)
|
Bottom of the 2nd over - 0 run(s), 0 hit(s), 0 error(s), 0 left on base; New Orleans 0 - Plymouth 0 |
TOP OF THE 3RD |
New Orleans Looters batting - Pitching for Plymouth Rocks : RHP Lorenzo Aguilar
|
Batting: RHB Stephen Shaw
|
0-0: Ball 1-0: Ball 2-0: Foul Ball, location: 2F 2-1: Ball 3-1: Foul Ball, location: 2F 3-2: Foul Ball, location: 2F 3-2: Strikes out swinging
|
Batting: LHB Taylor Smith
|
0-0: Called Strike 0-1: Ball 1-1: SINGLE (Groundball, 34D)
|
Batting: RHB Francisco Ibarra
|
0-0: Foul Ball, location: 2F 0-1: Foul Ball, location: 2F 0-2: Ball 1-2: Strikes out looking
|
Batting: SHB Nate Rhodes
|
0-0: Called Strike 0-1: Ball 1-1: Foul Ball, location: 2F 1-2: SINGLE (Flyball, 8RS) Taylor Smith to second
|
Batting: RHB Rich Ruffin
|
0-0: Called Strike 0-1: Ball 1-1: Swinging Strike 1-2: Ball 2-2: Strikes out looking
|
Top of the 3rd over - 0 run(s), 2 hit(s), 0 error(s), 2 left on base; New Orleans 0 - Plymouth 0 |
BOTTOM OF THE 3RD |
Plymouth Rocks batting - Pitching for New Orleans Looters : RHP Gennarino Lucchetti
|
Batting: RHB Júlio Negrón
|
0-0: Ball 1-0: Ball 2-0: Called Strike 2-1: Swinging Strike 2-2: Foul Ball, location: 2F 2-2: Ground out 4-3 (Groundball, 34)
|
Batting: RHB Ray Yates
|
0-0: Called Strike 0-1: Called Strike 0-2: Ball 1-2: Foul Ball, location: 2F 1-2: Ball 2-2: Ball 3-2: Fly out, F7 (Flyball, 7D)
|
Batting: RHB Alberto Hernández
|
0-0: Ball 1-0: SINGLE (Flyball, 8RS)
|
Batting: RHB Luis Sánchez
|
0-0: Ball Alberto Hernández is caught stealing 2nd base
|
Bottom of the 3rd over - 0 run(s), 1 hit(s), 0 error(s), 0 left on base; New Orleans 0 - Plymouth 0 |
TOP OF THE 4TH |
New Orleans Looters batting - Pitching for Plymouth Rocks : RHP Lorenzo Aguilar
|
Batting: LHB Luis Sánchez
|
0-0: Ball 1-0: Called Strike 1-1: Foul Ball, location: 2F 1-2: Strikes out swinging
|
Batting: RHB Dave O'Loan
|
0-0: Foul Ball, location: 2F 0-1: Ball 1-1: SOLO HOME RUN (Flyball, 7D), Distance : 399 ft
|
Batting: RHB Ángel Castaneda
|
0-0: Called Strike 0-1: Foul Ball, location: 2F 0-2: Ground out 5-3 (Groundball, 56)
|
Batting: LHB Francisco Vega
|
0-0: Called Strike 0-1: Ball 1-1: Foul Ball, location: 2F 1-2: Ball 2-2: Foul Ball, location: 2F 2-2: Fly out, F7 (Flyball, 78XD)
|
Top of the 4th over - 1 run(s), 1 hit(s), 0 error(s), 0 left on base; New Orleans 1 - Plymouth 0 |
BOTTOM OF THE 4TH |
Plymouth Rocks batting - Pitching for New Orleans Looters : RHP Gennarino Lucchetti
|
Batting: RHB Luis Sánchez
|
0-0: Called Strike 0-1: Foul Ball, location: 2F 0-2: Strikes out looking
|
Batting: RHB Andrés Lara
|
0-0: Ball 1-0: Ball 2-0: Called Strike 2-1: Foul Ball, location: 2F 2-2: Ground out 6-3 (Groundball, 6M)
|
Batting: LHB Frank Geddes
|
0-0: Ball 1-0: Swinging Strike 1-1: Swinging Strike 1-2: Foul Ball, location: 2F 1-2: Foul Ball, location: 2F 1-2: Strikes out looking
|
Bottom of the 4th over - 0 run(s), 0 hit(s), 0 error(s), 0 left on base; New Orleans 1 - Plymouth 0 |
TOP OF THE 5TH |
New Orleans Looters batting - Pitching for Plymouth Rocks : RHP Lorenzo Aguilar
|
Pitching: RHP Luis Cortéz
|
|
Batting: RHB Stephen Shaw
|
0-0: Ball 1-0: Ball 2-0: Foul Ball, location: 2F 2-1: Ball 3-1: Reached on error, E5 (Groundball, 5L)
|
Batting: LHB Taylor Smith
|
0-0: Called Strike 0-1: Foul Ball, location: 2F 0-2: Ball 1-2: Strikes out swinging
|
Batting: RHB Francisco Ibarra
|
0-0: Ball 1-0: Called Strike 1-1: 2-RUN HOME RUN (Flyball, 9LD), Distance : 343 ft
|
Batting: SHB Nate Rhodes
|
0-0: Foul Ball, location: 2F 0-1: Ball 1-1: Foul Ball, location: 2F 1-2: Strikes out swinging
|
Batting: RHB Rich Ruffin
|
0-0: Ball 1-0: Called Strike 1-1: Swinging Strike 1-2: Ball 2-2: SOLO HOME RUN (Flyball, 7D), Distance : 401 ft
|
Batting: LHB Luis Sánchez
|
0-0: Foul Ball, location: 2F 0-1: Ball 1-1: Ball 2-1: SINGLE (Line Drive, 9S)
|
Batting: RHB Dave O'Loan
|
0-0: Swinging Strike 0-1: Ball 1-1: Swinging Strike 1-2: Strikes out swinging
|
Top of the 5th over - 3 run(s), 3 hit(s), 1 error(s), 1 left on base; New Orleans 4 - Plymouth 0 |
BOTTOM OF THE 5TH |
Plymouth Rocks batting - Pitching for New Orleans Looters : RHP Gennarino Lucchetti
|
Pitching: RHP Roy March
|
|
Batting: LHB Sean Nicks
|
0-0: Called Strike 0-1: Ball 1-1: SINGLE (Groundball, 34D)
|
Batting: RHB Tadakuni Sugiyama
|
0-0: Swinging Strike 0-1: Ball 1-1: SINGLE (Groundball, 34D) Sean Nicks to second Runner from 2nd tries for 3rd, SAFE, throw made to third Tadakuni Sugiyama to second
|
Batting: RHB Max Jones
|
0-0: Called Strike 0-1: Ball 1-1: Foul Ball, location: 2F 1-2: Strikes out swinging
|
Batting: RHB Júlio Negrón
|
0-0: Called Strike 0-1: Ball 1-1: Fly out, F7 (Flyball, 7LD) Runner from 3rd tags up, SCORES, no throw
|
Batting: RHB Ray Yates
|
0-0: Ball 1-0: Ball 2-0: Ground out 5-3 (Groundball, 5)
|
Bottom of the 5th over - 1 run(s), 2 hit(s), 0 error(s), 1 left on base; New Orleans 4 - Plymouth 1 |
TOP OF THE 6TH |
New Orleans Looters batting - Pitching for Plymouth Rocks : RHP Luis Cortéz
|
Batting: RHB Ángel Castaneda
|
0-0: Called Strike 0-1: Foul Ball, location: 2F 0-2: Ball 1-2: SINGLE (Line Drive, 7LS)
|
Batting: SHB Zach Franks
|
0-0: Ball 1-0: Called Strike 1-1: Swinging Strike 1-2: Strikes out swinging
|
Batting: RHB Stephen Shaw
|
0-0: Fielders Choice at 2nd, 3-6 (Groundball, 3)
|
Pinch Hitting: LHB Justino Salas
|
0-0: Ball Wild Pitch! Stephen Shaw to second 1-0: Ball 2-0: Foul Ball, location: 2F 2-1: Ground out 1-3 (Groundball, 15)
|
Top of the 6th over - 0 run(s), 1 hit(s), 0 error(s), 1 left on base; New Orleans 4 - Plymouth 1 |
BOTTOM OF THE 6TH |
Plymouth Rocks batting - Pitching for New Orleans Looters : RHP Roy March
|
Now at 1B: Justino Salas
|
|
Batting: RHB Alberto Hernández
|
0-0: Ball 1-0: Ball 2-0: Called Strike 2-1: Called Strike 2-2: Foul Ball, location: 2F 2-2: SINGLE (Groundball, 56D)
|
Batting: RHB Luis Sánchez
|
0-0: Called Strike 0-1: Called Strike Alberto Hernández steals 2nd base 0-2: Fly out, F7 (Flyball, 7D) Runner from 2nd tags up, SAFE at 3rd, no throw
|
Batting: RHB Andrés Lara
|
0-0: Fly out, F3 (Popup, 34S)
|
Batting: LHB Frank Geddes
|
0-0: SINGLE (Groundball, 6MD) (infield hit) Alberto Hernández scores
|
Batting: LHB Sean Nicks
|
0-0: Called Strike 0-1: Ball 1-1: Foul Ball, location: 2F 1-2: Foul Ball, location: 2F 1-2: Reached on error, E4 (Groundball, 4) Frank Geddes to second
|
Batting: RHB Tadakuni Sugiyama
|
0-0: Fly out, F7 (Flyball, 7M)
|
Bottom of the 6th over - 1 run(s), 2 hit(s), 1 error(s), 2 left on base; New Orleans 4 - Plymouth 2 |
TOP OF THE 7TH |
New Orleans Looters batting - Pitching for Plymouth Rocks : RHP Luis Cortéz
|
Pitching: RHP Nariaki Tanaka
|
|
Batting: RHB Francisco Ibarra
|
0-0: Ball 1-0: Ball 2-0: TRIPLE (Line Drive, 8RM)
|
Pinch Hitting: RHB Jimmy Simon
|
0-0: Called Strike 0-1: Foul Ball, location: 2F 0-2: Foul Ball, location: 2F 0-2: SINGLE (Line Drive, 34D) Francisco Ibarra scores
|
Pinch Hitting: RHB Luis Alou
|
0-0: Ball 1-0: Sac Bunt - play at first, batter OUT! 1-4 Jimmy Simon to second
|
Batting: LHB Luis Sánchez
|
0-0: Intentional Walk
|
Batting: RHB Dave O'Loan
|
0-0: Reached on error, E1 (Groundball, 13S) Jimmy Simon to third Luis Sánchez to second
|
Batting: RHB Ángel Castaneda
|
0-0: Called Strike 0-1: Called Strike 0-2: Strikes out swinging
|
Batting: SHB Zach Franks
|
0-0: Ground out 4-3 (Groundball, 34)
|
Top of the 7th over - 1 run(s), 2 hit(s), 1 error(s), 3 left on base; New Orleans 5 - Plymouth 2 |
BOTTOM OF THE 7TH |
Plymouth Rocks batting - Pitching for New Orleans Looters : RHP Roy March
|
Pitching: RHP Bartolo González
|
|
Now at 3B: Luis Alou
|
|
Now in RF: Jimmy Simon
|
|
Batting: RHB Max Jones
|
0-0: Foul Ball, location: 2F 0-1: Called Strike 0-2: Ball 1-2: Strikes out looking
|
Batting: RHB Júlio Negrón
|
0-0: Ball 1-0: Foul Ball, location: 2F 1-1: Ball 2-1: Ball 3-1: Fly out, F5 (Popup, 5L)
|
Batting: RHB Ray Yates
|
0-0: Foul Ball, location: 2F 0-1: SINGLE (Line Drive, 56)
|
Batting: RHB Alberto Hernández
|
0-0: Ball 1-0: Ball 2-0: Ground out 1-3 (Groundball, 15S)
|
Bottom of the 7th over - 0 run(s), 1 hit(s), 0 error(s), 1 left on base; New Orleans 5 - Plymouth 2 |
TOP OF THE 8TH |
New Orleans Looters batting - Pitching for Plymouth Rocks : RHP Nariaki Tanaka
|
Batting: RHB Stephen Shaw
|
0-0: Ball 1-0: Ball 2-0: Fly out, F8 (Flyball, 8LXD)
|
Batting: LHB Justino Salas
|
0-0: Ball 1-0: Ball 2-0: Ball 3-0: Called Strike 3-1: Base on Balls
|
Batting: RHB Francisco Ibarra
|
0-0: Ball 1-0: Grounds into double play, 4-6-3 (Groundball, 4)
|
Top of the 8th over - 0 run(s), 0 hit(s), 0 error(s), 0 left on base; New Orleans 5 - Plymouth 2 |
BOTTOM OF THE 8TH |
Plymouth Rocks batting - Pitching for New Orleans Looters : RHP Bartolo González
|
Pinch Hitting: SHB Greg Welch
|
0-0: Ground out 3-1 (Groundball, 34)
|
Pinch Hitting: LHB Roy Patrick
|
0-0: Ball 1-0: Swinging Strike 1-1: Foul Ball, location: 2F 1-2: Ball 2-2: Ball 3-2: Foul Ball, location: 2F 3-2: Base on Balls
|
Pinch Hitting: LHB Barrett Waters
|
Pickoff Throw to First - Error! E1 Roy Patrick to second 0-0: Ball 1-0: Foul Ball, location: 2F 1-1: Called Strike 1-2: TRIPLE (Flyball, 8RXD) Roy Patrick scores
|
Batting: LHB Roger Moore
|
0-0: Ball 1-0: Foul Ball, location: 2F 1-1: Ball 2-1: Swinging Strike 2-2: Foul Ball, location: 2F 2-2: Ground out 4-3 (Groundball, 4) Barrett Waters scores
|
Batting: RHB Tadakuni Sugiyama
|
0-0: Called Strike 0-1: Fly out, F8 (Line Drive, 8LXD)
|
Bottom of the 8th over - 2 run(s), 1 hit(s), 1 error(s), 0 left on base; New Orleans 5 - Plymouth 4 |
TOP OF THE 9TH |
New Orleans Looters batting - Pitching for Plymouth Rocks : RHP Nariaki Tanaka
|
Now at 2B: José Flores
|
|
Now in CF: Barrett Waters
|
|
Now in RF: Roy Patrick
|
|
Batting: RHB Jimmy Simon
|
0-0: Foul Ball, location: 2F 0-1: Ball 1-1: Called Strike 1-2: Ball 2-2: Fly out, F4 (Line Drive, 4)
|
Batting: RHB Luis Alou
|
0-0: Ground out 5-3 (Groundball, 56S)
|
Pitching: LHP Carl Lewis
|
|
Batting: LHB Luis Sánchez
|
0-0: Foul Ball, location: 2F 0-1: Ball 1-1: Called Strike 1-2: Ball 2-2: Foul Ball, location: 2F 2-2: Foul Ball, location: 2F 2-2: Ball 3-2: Foul Ball, location: 2F 3-2: SINGLE (Groundball, 4M)
|
Pitching: RHP Jean Burrows
|
|
Batting: RHB Dave O'Loan
|
Pickoff Throw to First - Out!
|
Top of the 9th over - 0 run(s), 1 hit(s), 0 error(s), 0 left on base; New Orleans 5 - Plymouth 4 |
BOTTOM OF THE 9TH |
Plymouth Rocks batting - Pitching for New Orleans Looters : RHP Bartolo González
|
Pitching: LHP Juan Méndez
|
|
Pinch Hitting: RHB António Zúńiga
|
0-0: Ball 1-0: Ball 2-0: Foul Ball, location: 2F 2-1: Foul Ball, location: 2F 2-2: Ball 3-2: Ground out 5-3 (Groundball, 56S)
|
Pinch Hitting: RHB Jorge Jiménez
|
0-0: Ground out 1-3 (Groundball, 13S)
|
Batting: RHB Ray Yates
|
0-0: Called Strike 0-1: Ball 1-1: Ball 2-1: SINGLE (Flyball, 8LS)
|
Pinch Hitting: RHB Anthony Rucker
|
0-0: Called Strike 0-1: SINGLE (Line Drive, 9S) Ray Yates to second
|
Batting: RHB José Flores
|
0-0: Foul Ball, location: 2F 0-1: Ball 1-1: Ground out 1-3 (Groundball, 13S)
|
Bottom of the 9th over - 0 run(s), 2 hit(s), 0 error(s), 2 left on base; New Orleans 5 - Plymouth 4 |
|